 Dungeon Crawl Stone Soup version 0.17.2-1-ge4368a0 (webtiles) character file.

4018 Goblin1989 the Gouger (level 10, 0/49 HPs)
             Began as a Felid Transmuter on Oct 26, 2016.
             Was a High Priest of Makhleb.
             Slain by a yak (13 damage)
             ... in an ice cave on Oct 27, 2016.
             The game lasted 01:21:34 (16823 turns).

Goblin1989 the Gouger (Felid Transmuter)           Turns: 16823, Time: 01:21:34

Health: 0/49       AC:  2    Str:  6    XL:     10   Next: 3%
Magic:  16/16      EV: 27    Int: 18    God:    Makhleb [*****.]
Gold:   226        SH:  0    Dex: 17    Spells: 6 memorised, 1 level left
                                        Lives:  0   Deaths: 3

rFire  . . .     SeeInvis +       - Unarmed
rCold  . . .     Clarity  +     (armour unavailable)
rNeg   . . .     SustAt   .     (shield unavailable)
rPois  .         Gourm    .     (helmet unavailable)
rElec  +         Spirit   .     (cloak unavailable)
rCorr  .         Warding  .     (gloves unavailable)
rMut   .         Stasis   .     (boots unavailable)
MR     ++...                    (no amulet)
Stlth  ++........               e - ring of wizardry
                                m - ring of protection from magic

@: quick, very resistant to hostile enchantments, unstealthy
A: no armour, no weapons or thrown items, claws 1, fangs 3, see invisible,
carnivore 3, clarity, speed 1, shaggy fur 2, electricity resistance, slow
metabolism 1, wild magic 1, sharp paws
a: Minor Destruction, Lesser Servant of Makhleb, Major Destruction, Greater
Servant of Makhleb, Renounce Religion


You were in an ice cave.
You worshipped Makhleb.
Makhleb was extremely pleased with you.
You were not hungry.

You visited 2 branches of the dungeon, and saw 13 of its levels.
You also visited: Ice Cave.

You collected 616 gold pieces.
You spent 390 gold pieces at shops.

Inventory:

Missiles
 a - 84 arrows
Jewellery
 e - a ring of wizardry (right paw)
 m - a ring of protection from magic (left paw)
 t - an uncursed ring of teleportation
Wands
 f - a wand of draining (9)
 E - a wand of cold (11)
 L - a wand of lightning (9)
Scrolls
 o - 7 scrolls of remove curse {@r2}
 s - a scroll of amnesia
 B - 3 scrolls of blinking
 D - a scroll of torment {!r}
 M - a scroll of magic mapping
 T - 5 scrolls of teleportation {!r, @r4}
Potions
 d - a potion of cure mutation
 h - 2 potions of invisibility
 i - a potion of lignification {!q}
 j - 3 potions of flight
 l - a potion of berserk rage {!q}
 q - 2 potions of magic
 r - 2 potions of agility
 A - 5 potions of curing {@q1}
 C - 5 potions of heal wounds {!q, @q2}
 F - 3 potions of brilliance
 G - a potion of might
Comestibles
 b - 3 slices of pizza
 c - 5 meat rations {@e2}
 p - 4 beef jerkies


   Skills:
 + Level 9.0 Fighting
 + Level 11.4 Dodging
 * Level 11.6 Unarmed Combat
 - Level 3.5 Spellcasting
 + Level 2.2 Charms
 + Level 1.6 Necromancy
 - Level 4.6 Transmutations
 - Level 3.5 Ice Magic
 - Level 3.3 Invocations


You had one spell level left.
You knew the following spells:

 Your Spells              Type           Power        Failure   Level  Hunger
a - Beastly Appendage     Trmt           ####..       2%          1    None
b - Sticks to Snakes      Trmt           ####......   4%          2    ##.....
c - Ice Form              Ice/Trmt       ####....     22%         4    ####...
d - Spider Form           Trmt/Pois      ###.......   14%         3    ###....
R - Regeneration          Chrm/Necr      ###.......   16%         3    ###....
Z - Sublimation of Blood  Necr           ##........   11%         2    ##.....


Dungeon Overview and Level Annotations

Branches:
Dungeon (12/15)            Temple (1/1) D:4            Lair (0/8) D:11
    Orc (0/4) D:12

Altars:
Ashenzari
Cheibriados
Dithmenos
Elyvilon
Fedhas
Gozag
Kikubaaqudgha
Makhleb
Nemelex Xobeh
Okawaru
Qazlal
Ru
Sif Muna
Trog
Vehumet
Xom
Yredelemnul
Zin
The Shining One
Lugonu

Shops:
D:7 =   D:11 =

Annotations:
D:8 Erica, Erolcha


Innate Abilities, Weirdness & Mutations

You cannot wear armour.
You are incapable of wielding weapons or throwing items.
You have sharp claws.
You have razor-sharp teeth.
You have supernaturally acute eyesight.
You are carnivorous and can eat meat at any time.
You cover ground quickly.
You are covered in thick fur (AC +2).
You have a slow metabolism.
Your sharp claws are effective at attacking unaware monsters.
You possess an exceptional clarity of mind.
You are resistant to electric shocks.
Your spells are a little harder to cast, but a little more powerful.


Message History

The yak is almost dead.
The yak completely misses you. The yak barely misses you.
The polar bear closely misses you. The polar bear barely misses you.
The polar bear claws you.
* * * LOW HITPOINT WARNING * * *
You take 1 damage, and have 14/49 hp.
You scratch the yak but do no damage.
The yak is almost dead.
The yak gores you!
* * * LOW HITPOINT WARNING * * *
The polar bear barely misses you. x2
The polar bear claws you.
* * * LOW HITPOINT WARNING * * *
The yak completely misses you.
You take 12 damage, and have 2/49 hp.
MASSIVE DAMAGE!!
You scratch the yak.
You kill the yak!
Makhleb accepts your kill.
You feel better. The yak gores you!
You die...

███.██
██.█
██.█
█..█
█.██
█.██
██.█
██.█


█@Y█ █hh██ █C.h█ hYhh██ █.YhY ██..█ █.. ███ You could see a frost giant, 7 polar
bears and 4 yaks.

Vanquished Creatures
  Snorg (D:11)
  The ghost of Tobisume the Basher, a novice DsFi of Qazlal (D:12)
  A hill giant (D:9)
  An elephant (D:11)
  Maurice (D:8)
  An ice statue (D:12)
  A two-headed ogre (D:11)
  2 trolls (D:11)
  Grinder (D:6)
  Prince Ribbit (D:5)
  3 yaks
  A spriggan (D:7)
  A steam dragon (D:12)
  Grum (D:8)
  2 hungry ghosts
  2 hippogriffs
  Edmund (D:6)
  A water moccasin (D:7)
  4 orc warriors
  5 wolves
  7 ice beasts
  A black bear (D:11)
  9 ogres
  A phantom (D:7)
  A wasp (D:11)
  4 centaurs
  2 sky beasts
  2 crocodiles (D:11)
  Blork the orc (D:6)
  2 big kobolds
  7 giant frogs
  4 scorpions
  12 wights
  2 giant frog zombies
  A wasp zombie (D:9)
  6 crimson imps
  2 jellies
  2 centaur zombies (D:6)
  5 orc priests (D:7)
  2 giant frog skeletons
  2 centaur skeletons (D:10)
  6 orc wizards
  9 worker ants
  5 iguanas
  11 hounds
  A sheep (D:11)
  A hound skeleton (D:10)
  A worker ant zombie (D:8)
  12 adders
  2 shadow imps
  An adder skeleton (D:6)
  3 worms
  6 giant geckos
  48 orcs
  A ball python (D:6)
  5 hobgoblins
  7 jackals
  8 quokkas
  4 bats
  6 giant cockroaches
  7 giant newts
  2 goblins
  21 kobolds
  5 rats
279 creatures vanquished.

Vanquished Creatures (collateral kills)
  A cyclops (D:12)
  An ice beast (D:5)
  An iguana (D:5)
  An orc priest (D:7)
  4 orcs (D:7)
8 creatures vanquished.

Grand Total: 287 creatures vanquished

Notes
Turn   | Place    | Note
--------------------------------------------------------------
     0 | D:1      | Goblin1989 the Felid Transmuter began the quest for the Orb.
     0 | D:1      | Reached XP level 1. HP: 9/9 MP: 4/4
   416 | D:1      | Reached XP level 2. HP: 10/12 MP: 3/6
  1031 | D:2      | Reached XP level 3. HP: 9/16 MP: 5/7
  1563 | D:1      | Learned a level 2 spell: Sticks to Snakes
  1975 | D:2      | Reached XP level 4. HP: 13/20 MP: 6/8
  2085 | D:2      | Learned a level 4 spell: Ice Form
  2748 | D:3      | Reached skill level 4 in Dodging
  3091 | D:3      | Found a glowing silver altar of Zin.
  3868 | D:3      | Reached XP level 5. HP: 18/23 MP: 7/9
  3894 | D:4      | Noticed an ogre
  4248 | D:4      | Killed an ogre
  4295 | D:4      | Found a staircase to the Ecumenical Temple.
  4305 | Temple   | Entered the Ecumenical Temple
  4323 | Temple   | Became a worshipper of Makhleb the Destroyer
  5205 | D:5      | Entered Level 5 of the Dungeon
  5261 | D:5      | Reached skill level 5 in Unarmed Combat
  5261 | D:5      | Gained mutation: You are covered in thick fur (AC +2). [Felid growth]
  5261 | D:5      | Reached XP level 6. HP: 28/28 MP: 8/10
  5322 | D:5      | Noticed an ogre
  5332 | D:5      | Killed an ogre
  5332 | D:5      | Reached skill level 5 in Dodging
  5386 | D:5      | Noticed a centaur
  5395 | D:5      | Killed a centaur
  5774 | D:5      | Reached XP level 7. HP: 6/32 MP: 4/11
  6825 | D:5      | Reached skill level 6 in Dodging
  6869 | D:5      | Noticed Prince Ribbit
  6880 | D:5      | Killed Prince Ribbit
  7088 | D:5      | Reached * piety under Makhleb
  7772 | D:6      | Noticed Blork the orc
  7786 | D:6      | Killed Blork the orc
  7786 | D:6      | Reached skill level 5 in Fighting
  7786 | D:6      | Reached skill level 7 in Unarmed Combat
  7786 | D:6      | Reached XP level 8. HP: 21/37 MP: 12/12
  7935 | D:6      | Noticed Edmund
  8251 | D:6      | Noticed Grinder
  8490 | D:6      | Killed Edmund
  8545 | D:6      | Gained mutation: You possess an exceptional clarity of mind. [potion of beneficial mutation]
  8546 | D:6      | Gained mutation: You are resistant to electric shocks. [potion of beneficial mutation]
  8547 | D:6      | Gained mutation: Your spells are a little harder to cast, but a little more powerful. [potion of beneficial mutation]
  9175 | D:6      | Reached skill level 8 in Unarmed Combat
  9275 | D:6      | Reached ** piety under Makhleb
  9512 | D:7      | Reached XP level 9. HP: 34/41 MP: 13/13
  9581 | D:7      | HP: 2/49 [poisoned by a water moccasin]
  9899 | D:7      | Found Ameimimm's Jewellery Boutique.
 10553 | D:7      | Found a basalt altar of Yredelemnul.
 10562 | D:7      | Found an iron altar of Okawaru.
 10565 | D:7      | Found a white marble altar of Elyvilon.
 10764 | D:7      | Reached skill level 9 in Unarmed Combat
 10774 | D:7      | Reached *** piety under Makhleb
 10802 | D:7      | ololoev: вон под Spells
 10802 | D:7      | ololoev: под пити
 10802 | D:7      | Goblin1989: да
 10802 | D:7      | Goblin1989: увидел
 10802 | D:7      | Goblin1989: 2
 10802 | D:7      | Goblin1989: спасибо!
 10802 | D:7      | Goblin1989: лан, домой топать пора
 10858 | D:7      | Bought an uncursed ring of wizardry for 390 gold pieces
 10862 | D:7      | Found a shadowy altar of Dithmenos.
 10949 | D:7      | Reached skill level 1 in Ice Magic
 11591 | D:8      | Noticed Erica
 11823 | D:8      | Found a bloodstained altar of Trog.
 12134 | D:2      | Learned a level 3 spell: Spider Form
 12255 | D:6      | Killed Grinder
 12255 | D:6      | Reached XP level 10. HP: 47/47 MP: 14/14
 12551 | D:8      | Found a deep blue altar of Sif Muna.
 12551 | D:8      | Found a shadowy altar of Dithmenos.
 12553 | D:8      | Found a shimmering altar of Xom.
 12553 | D:8      | Found a snail-covered altar of Cheibriados.
 12590 | D:8      | Reached **** piety under Makhleb
 12638 | D:8      | Noticed Maurice
 12652 | D:8      | Killed Maurice
 12712 | D:8      | Reached skill level 10 in Unarmed Combat
 12754 | D:8      | Noticed Grum
 12773 | D:8      | Killed Grum
 12919 | D:7      | Slain by a hippogriff
 12920 | D:7      | Reached XP level 9. HP: -1/43 MP: 13/13
 13211 | D:8      | Noticed Erolcha
 13236 | D:9      | Noticed a hill giant
 13248 | D:9      | Reached skill level 1 in Invocations
 13263 | D:9      | Killed a hill giant
 13263 | D:9      | Reached skill level 10 in Dodging
 13817 | D:9      | Killed from afar by an orc
 13818 | D:9      | Reached XP level 8. HP: -10/40 MP: 12/12
 13939 | D:9      | Found a sacrificial altar of Ru.
 14047 | D:10     | Entered Level 10 of the Dungeon
 14257 | D:10     | Reached XP level 9. HP: 33/44 MP: 11/13
 14739 | D:10     | Reached ***** piety under Makhleb
 14748 | D:10     | Found a glowing golden altar of the Shining One.
 15113 | D:11     | Found Otunuky's Jewellery Shoppe.
 15593 | D:11     | Found a staircase to the Lair.
 15593 | D:11     | Noticed an elephant
 15605 | D:11     | Reached skill level 11 in Unarmed Combat
 15614 | D:11     | Killed an elephant
 15614 | D:11     | Reached XP level 10. HP: 48/49 MP: 8/15
 15715 | D:11     | Noticed Snorg
 15751 | D:11     | Killed Snorg
 15964 | D:11     | Identified the Handbook of the Valley of Death
 15969 | D:11     | Learned a level 3 spell: Regeneration
 15972 | D:11     | Learned a level 2 spell: Sublimation of Blood
 16349 | D:12     | Noticed Tobisume's ghost (novice DsFi)
 16372 | D:12     | Killed Tobisume's ghost
 16372 | D:12     | Reached skill level 1 in Charms
 16516 | D:12     | Noticed a cyclops
 16585 | D:12     | Killed a cyclops
 16585 | D:12     | Reached skill level 1 in Necromancy
 16609 | D:12     | Found a frozen archway.
 16626 | IceCv    | Entered an ice cave
 16780 | IceCv    | Reached XP level 11. HP: 11/53 MP: 13/17
 16781 | IceCv    | Slain by a polar bear
 16782 | IceCv    | Reached XP level 10. HP: -3/58 MP: 14/16
 16814 | IceCv    | Noticed a frost giant
 16822 | IceCv    | HP: 2/49 [polar bear (4)]
 16823 | IceCv    | Slain by a yak

Action                   |  1- 3 |  4- 6 |  7- 9 | 10-12 || total
-------------------------+-------+-------+-------+-------++-------
Melee: Unarmed           |   116 |   161 |   654 |   182 ||  1113
 Cast: Beastly Appendage |    15 |    34 |    83 |     6 ||   138
       Sticks to Snakes  |       |    14 |    33 |     7 ||    54
       Ice Form          |       |       |     7 |     7 ||    14
       Spider Form       |       |       |     4 |     7 ||    11
       Regeneration      |       |       |       |     1 ||     1
Invok: Lesser Servant of |       |       |       |     1 ||     1
Evoke: Wand              |       |       |       |     6 ||     6
  Use: Scroll            |       |       |    11 |    14 ||    25
       Potion            |       |       |     6 |       ||     6
 Stab: Sleeping          |     2 |     4 |     7 |     2 ||    15
       Distracted        |       |       |     1 |       ||     1
  Eat: Chunk             |    10 |     9 |    38 |     6 ||    63

Vault maps used:
D:1:      dpeg_arrival_stone_temple_mockup
D:3:      old_standard_altar, minmay_misc_feat_more_columns
D:4:      minmay_temple_entry_statues_pillars, first_bread
D:5:      uniq_prince_ribbit1
D:6:      uniq_edmund, uniq_grinder, uniq_blork_the_orc
D:7:      grunt_temple_overflow_diamond, serial_shops,
          nicolae_shop_temple_entry_statues_fountains, the_bakery,
          grunt_dithmenos_shadows
D:8:      bloody_trog, grunt_temple_overflow_open, uniq_erolcha, uniq_maurice,
          uniq_grum, uniq_erica
D:9:      nicolae_ru_path_of_blood, kennysheep_generic_room_15
D:10:     minmay_misc_feat_plants, grunt_ministairs_15, tso_metal_star
D:11:     david_lair_generic, serial_shops, nicolae_shop_window_shopping,
          uniq_snorg
D:12:     minmay_orc_entry_temple_small, portal_ice_cave_entry_ice_statue_01
Temple:   corrupted_temple
IceCv:    ice_cave_caverns_03
